 Dungeon Crawl Stone Soup version 0.27.1-3-gb3d3a73c9e (webtiles) character file.

Game seed: 1939043503320200028

5849 Urokeeper the Slinger (level 10, -21/60 HPs)
             Began as a Spriggan Hunter on Oct 13, 2021.
             Was an Elder of Okawaru.
             Hit by a javelin thrown by Urug (27 damage)
             ... on level 10 of the Dungeon.
             The game lasted 00:43:05 (11090 turns).

Urokeeper the Slinger (Spriggan Hunter)            Turns: 11090, Time: 00:43:06

Health: -21/60     AC:  7    Str: 14    XL:     10   Next: 51%
Magic:  20/20      EV: 19    Int: 13    God:    Okawaru [****..]
Gold:   440        SH:  0    Dex: 19    Spells: 9/9 levels left

rFire    . . .     SeeInvis +   a - +1 hunting sling (vorpal)
rCold    . . .     Faith    .   (shield restricted)
rNeg     . . .     Spirit   .   y - +2 robe {Will+}
rPois    .         Reflect  .   (helmet restricted)
rElec    .         Harm     .   v - +2 cloak
rCorr    .         Rampage  .   (gloves unavailable)
Will     ++...                  (boots unavailable)
Stlth    ++........             (no amulet)
HPRegen  0.20/turn              d - +6 ring of strength
MPRegen  0.17/turn              G - ring of magical power

@: very quick
A: very small, no large weapons, unfitting armour, see invisible, speed 3
a: Renounce Religion, Heroism


You were on level 10 of the Dungeon.
You worshipped Okawaru.
Okawaru was greatly pleased with you.
You visited 2 branches of the dungeon, and saw 11 of its levels.

You collected 440 gold pieces.

Inventory:

Hand Weapons
 a - a +1 vorpal hunting sling (weapon)
 b - a +0 short sword
 h - a +0 vorpal spear
 w - a +3 dagger of freezing
 C - a +0 dagger of venom
 D - a +4 shortbow
Missiles
 f - 58 stones
 u - 40 sling bullets (quivered ammo)
 A - 42 poisoned darts
 E - 72 arrows
 H - a throwing net
Armour
 c - a +0 robe
 v - a +2 cloak (worn)
 x - a +0 buckler
 y - a +2 robe of willpower (worn)
Jewellery
 d - a +6 ring of strength (left hand)
 G - a ring of magical power (right hand)
Wands
 m - a wand of paralysis (19)
 I - a wand of flame (25)
Scrolls
 i - 5 scrolls of teleportation
 l - 2 scrolls of noise
 s - a scroll of blinking
 t - 3 scrolls of amnesia
 z - a scroll of fog
 L - a scroll of summoning
 M - a scroll of vulnerability
 N - 2 scrolls of magic mapping {unknown}
Potions
 e - 2 potions of might
 g - a potion of lignification
 j - a potion of resistance {unknown}
 k - 2 potions of ambrosia {unknown}
 n - 2 potions of haste {unknown}
 o - a potion of invisibility {unknown}
 p - 2 potions of attraction {unknown}
 q - 4 potions of curing
 r - 3 potions of flight {unknown}
 B - a potion of magic {unknown}
 F - a potion of degeneration {unknown}
 J - a potion of berserk rage {unknown}
 O - a potion of brilliance {unknown}
Miscellaneous
 K - a piece from Xom's chessboard (15/15)


   Skills:
 - Level 10.7 Fighting
 - Level 12.0 Slings
 + Level 3.9 Dodging
 - Level 1.5 Stealth


You had 9 spell levels left.
You didn't know any spells.
Your spell library contained the following spells:

 Spells                   Type           Power      Damage    Failure   Level
 Sting                    Tmut/Pois      0%         1d3       30%         1
 Poisonous Vapours        Pois/Air       0%         N/A       43%         2
 Slow                     Hex            0%         N/A       43%         2
 Confusing Touch          Hex            0%         N/A       67%         3
 Ignite Poison            Fire/Tmut/Pois 0%         N/A       67%         3
 Mephitic Cloud           Conj/Pois/Air  0%         N/A       67%         3
 Olgreb's Toxic Radiance  Pois           0%         N/A       97%         4
 Passage of Golubria      Tloc           N/A        N/A       97%         4
 Bolt of Magma            Conj/Fire/Erth 0%         4d4       100%        5
 Silence                  Hex/Air        0%         N/A       100%        5
 Yara's Violent Unravell  Hex/Tmut       0%         3d3       100%        5
 Lehudib's Crystal Spear  Conj/Erth      0%         10d2      100%        8


Dungeon Overview and Level Annotations

Branches:
Dungeon (10/15)            Temple (1/1) D:5            Lair (0/6) D:10
    Orc: D:9-12

Altars:
Ashenzari
Cheibriados
Dithmenos
Elyvilon
Fedhas
Gozag
Kikubaaqudgha
Nemelex Xobeh
Okawaru
Qazlal
Sif Muna
Trog
Uskayaw
Vehumet
Wu Jian
Xom
Yredelemnul
Zin
The Shining One

Shops:
D:5 !

Annotations:
D:3 1 runed translucent door, Crazy Yiuf
D:7 Prince Ribbit
D:10 Urug


Innate Abilities, Weirdness & Mutations

You are very small and have problems with some larger weapons.
You are too small for most types of armour.
You have supernaturally acute eyesight. (SInv)
You cover ground extremely quickly. (Speed+++)


Message History

As you read the scroll of blinking, it crumbles to dust.
You gain the combat prowess of a mighty hero.
Urug screams, "Bird-brain!"
Urug throws a javelin.
The javelin barely misses you.
You are too injured to fight recklessly!
You are too injured to fight recklessly!
You are too injured to fight recklessly!
Drop what? 41/52 slots (_ for help) (? for menu, Esc to quit)
Okay, then.
Fire: 44 sling bullets
Press: ? - help, Q - select action, (/) - cycle Shift-Dir - straight line, f - Urug
Aim: Urug, wielding a +2 vorpal long sword, wearing a +0 scale mail and quivering javelins (lightly wounded, strong, 70% to hit)
You shoot a sling bullet. The sling bullet barely misses Urug.
Fire: 43 sling bullets
Press: ? - help, Q - select action, (/) - cycle Shift-Dir - straight line, f/p - Urug
Aim: Urug, wielding a +2 vorpal long sword, wearing a +0 scale mail and quivering javelins (lightly wounded, strong, 70% to hit)
You shoot a sling bullet. The sling bullet hits Urug!
Urug is lightly wounded.
Fire: 42 sling bullets
Press: ? - help, Q - select action, (/) - cycle Shift-Dir - straight line, f/p - Urug
Aim: Urug, wielding a +2 vorpal long sword, wearing a +0 scale mail and quivering javelins (lightly wounded, strong, 70% to hit)
You shoot a sling bullet.
The sling bullet hits Urug but does no damage.
Urug is lightly wounded.
Fire: 41 sling bullets
Press: ? - help, Q - select action, (/) - cycle Shift-Dir - straight line, f/p - Urug
Aim: Urug, wielding a +2 vorpal long sword, wearing a +0 scale mail and quivering javelins (lightly wounded, strong, 70% to hit)
You shoot a sling bullet. The sling bullet hits Urug.
Urug is lightly wounded.
Urug throws a javelin.
The javelin pierces through you!!
* * * LOW HITPOINT WARNING * * *
Urug throws a javelin.
The javelin pierces through you.
* * * LOW HITPOINT WARNING * * *
Found an escape hatch in the floor.
You feel like a meek peon again.
You start resting.
Urug is nearby!
Unknown command.
Urug throws a javelin.
The javelin pierces through you!!
You die...

### ....
....##### #.....#
#.....#
#....@####
#.......>#
#.......##
.########.......#
................#
...........######
........o..#
...........#
...........#


You could see Urug (strong).

Vanquished Creatures
  Maurice (D:8)
  Sigmund (D:2)
  A wyvern (D:10)
  13 yaks
  An acid dragon (D:9)
  Edmund (D:6)
  A black bear (D:4)
  4 orc warriors
  A hornet zombie (D:6)
  An ogre (D:4)
  2 centaurs
  3 bullfrogs
  A kobold brigand (D:8)
  A wyvern zombie (D:8)
  3 scorpions (D:6)
  5 killer bees (D:8)
  8 wights
  7 howler monkeys (D:8)
  A bullfrog zombie (D:6)
  2 centaur zombies
  5 hounds
  A jelly (D:7)
  Terence (D:3)
  An iguana (D:6)
  Natasha (twice) (D:3)
  8 orc wizards
  3 howler monkey zombies
  14 gnolls
  A howler monkey skeleton (D:6)
  8 adders
  An ufetubus (D:6)
  An adder skeleton (D:4)
  3 worms
  A dart slug (D:2)
  33 orcs
  7 ball pythons
  11 endoplasms
  4 giant cockroaches
  8 hobgoblins
  A jackal (D:4)
  10 kobolds
  2 quokkas
  7 bats
  3 frilled lizards
  8 goblins
  A quokka skeleton (D:3)
  21 rats
224 creatures vanquished.

Notes
Turn   | Place    | Note
-------+----------+-------------------------------------------
     0 | D:1      | Urokeeper the Spriggan Hunter began the quest for the Orb.
     0 | D:1      | Reached XP level 1. HP: 10/10 MP: 2/2
    12 | D:1      | Reached skill level 5 in Slings
    66 | D:1      | Reached XP level 2. HP: 14/14 MP: 3/3
   195 | D:1      | Found a faded altar of an unknown god.
   315 | D:1      | Reached skill level 6 in Slings
   500 | D:2      | Reached XP level 3. HP: 18/18 MP: 4/4
   614 | D:2      | Noticed Sigmund
   735 | D:2      | Reached XP level 4. HP: 13/22 MP: 5/5
   988 | D:2      | Reached skill level 7 in Slings
  1161 | D:2      | Killed Sigmund
  1162 | D:2      | Reached skill level 8 in Slings
  1162 | D:2      | Reached XP level 5. HP: 17/25 MP: 6/6
  1167 | D:2      | Reached XP level 6. HP: 21/30 MP: 7/7
  1433 | D:2      | Reached skill level 9 in Slings
  1740 | D:3      | Noticed Terence
  1750 | D:3      | Killed Terence
  1760 | D:3      | Noticed Natasha
  2063 | D:3      | Killed Natasha
  2806 | D:3      | Noticed Natasha
  2810 | D:3      | Killed Natasha
  2876 | D:3      | Found a runed translucent door.
  2877 | D:3      | Noticed Crazy Yiuf
  3192 | D:4      | Reached skill level 10 in Slings
  3380 | D:4      | Reached XP level 7. HP: 33/33 MP: 8/8
  4042 | D:4      | Reached skill level 11 in Slings
  5026 | D:5      | Entered Level 5 of the Dungeon
  5219 | D:5      | Found a staircase to the Ecumenical Temple.
  5262 | Temple   | Entered the Ecumenical Temple
  5370 | Temple   | Became a worshipper of Warmaster Okawaru
  5402 | D:5      | Reached XP level 8. HP: 37/37 MP: 9/9
  5521 | D:5      | Found Faojax's Distillery.
  5880 | D:6      | Noticed Edmund
  5893 | D:6      | Killed Edmund
  5894 | D:6      | Reached skill level 12 in Slings
  6357 | D:6      | Reached * piety under Okawaru
  7035 | D:6      | Reached skill level 5 in Fighting
  7339 | D:6      | Found an ornate altar of the Wu Jian Council.
  7340 | D:6      | Found a shadowy altar of Dithmenos.
  7536 | D:6      | Found a shimmering altar of Xom.
  7537 | D:6      | Found a broken altar of Ashenzari.
  8085 | D:7      | Noticed Prince Ribbit
  8173 | D:8      | Noticed Maurice
  8208 | D:8      | Killed Maurice
  8208 | D:8      | Reached ** piety under Okawaru
  8209 | D:8      | Reached XP level 9. HP: 49/49 MP: 10/10
  8886 | D:8      | Reached *** piety under Okawaru
  8930 | D:8      | Received a gift from Okawaru
  9317 | D:8      | Reached XP level 10. HP: 53/58 MP: 11/11
  9714 | D:9      | Reached skill level 10 in Fighting
 10126 | D:9      | Received a gift from Okawaru
 10502 | D:9      | Reached **** piety under Okawaru
 10752 | D:10     | Entered Level 10 of the Dungeon
 10849 | D:10     | Found a staircase to the Lair.
 11025 | D:10     | Found a shimmering blue altar of Sif Muna.
 11054 | D:10     | Noticed Urug
 11090 | D:10     | Hit by a javelin thrown by Urug

Illustrated notes

Levels and vault maps discovered:
D:1:      dpeg_arrival_tiny_g, layout_rooms, dreamdust_ecumenical_altar_grove
D:2:      layout_loops_cross, uniq_sigmund
D:3:      layout_loops_ring, cheibrodos_sewer_entry_bend, minmay_rat_hole,
          uniq_crazy_yiuf_cottage, uniq_natasha, uniq_terence
D:4:      minmay_bubble_buster, layout_cave_pools, sigmund_army
D:5:      layout_loops_ring, temple_pool_b, serial_shops,
          nicolae_shop_waterfront
D:6:      layout_loops_ring, mainiacjoe_overflow_alcove_3,
          minmay_fractal_squares_5, uniq_edmund
D:7:      layout_loops_corners, mainiacjoe_overflow_catwalk,
          nicolae_lava_and_water, chequers_serial_rivers_small_a, uniq_maggie,
          uniq_prince_ribbit1
D:8:      layout_loops_corners, kennysheep_generic_room_13, uniq_maurice
D:9:      layout_rooms
D:10:     layout_irregular_city, kennysheep_mini_moat,
          mainiacjoe_overflow_catwalk_spiral, lair_entry_dummy, david_orc_5,
          hangedman_decor_riveting, uniq_urug
Temple:   nicolae_temple_great_sept

Skill      XL: |  1  2  3  4  5  6  7  8  9 10 |
---------------+-------------------------------+-----
Slings         | 5 6 8 10 11 12 | 12.0
Fighting       | 6 9 10 | 10.7
Dodging        | 3 |  3.9
Stealth        | |  1.5

Action                   |  1- 3 |  4- 6 |  7- 9 | 10-12 || total
-------------------------+-------+-------+-------+-------++-------
Melee: Spear             |       |    33 |       |       ||    33
 Fire: Hunting sling     |    73 |   161 |   622 |   213 ||  1069
       Shortbow          |       |       |    15 |       ||    15
Throw: Throwing net      |       |       |     2 |       ||     2
Invok: Heroism           |       |       |       |     1 ||     1
  Use: Scroll            |       |     2 |    10 |     3 ||    15
 Stab: Sleeping          |       |     1 |       |       ||     1
Armor: Robe              |     1 |     2 |    15 |     7 ||    25
Dodge: Dodged            |     8 |    42 |    86 |    32 ||   168
